 Dungeon Crawl Stone Soup version 0.29.1-15-g9cfb28693d (webtiles) character file.

Game seed: 13070867885404785653

447045 wingedge the Stormcaller (level 22, -7/185 HPs)
             Began as a Demigod Wanderer on Apr 23, 2023.
             Mangled by a reaper
             ... wielding a +2 scythe of venom
             ... called by a doom hound
              (30 damage)
             ... on level 1 of the Crypt on Apr 25, 2023.
             The game lasted 06:16:04 (82185 turns).

wingedge the Stormcaller (Demigod Wanderer)        Turns: 82185, Time: 06:16:05

Health: -7/185     AC: 30    Str: 29    XL:     22   Next: 12%
Magic:  3/43       EV:  4    Int: 39    God:
Gold:   2075       SH: 30    Dex: 13    Spells: 2/43 levels left

rFire   x . .      SeeInvis +   a - +10 mace "Suniw" {speed, Fly Str+2 Int+6}
rCold   + + +      Faith    .   q - +18 shield of the Gong {rElec rN+ Will+ EV-5}
rNeg    + + +      Spirit   .   T - +8 chain mail "Iniusm" {Drain rCorr Dex+4 SInv}
rPois   .          Reflect  .   s - +2 helmet {Int+3}
rElec   +          Harm     .   O - scarf {repulsion}
rCorr   +          Rampage  .   W - +2 pair of gloves
Will    +++..                   X - +2 pair of boots {Stlth+}
Stlth   +.........              I - amulet of magic regeneration
HPRegen 0.40/turn               c - ring of the Little Devil {rF- rC+++ rN+++ rCorr Dex-2}
MPRegen 0.68/turn               B - ring of wizardry

@: lethally poisoned (-7 -> -19), doom-hounded, flying, slowed, studying 3
skills, repel missiles, very slow
A: high MP 1, forlorn, divine attributes
}: 2/15 runes: decaying, serpentine
a: no special abilities


You were on level 1 of the Crypt.
You visited 9 branches of the dungeon, and saw 39 of its levels.
You also visited: Ossuary, Bailey and Gauntlet.

You collected 7042 gold pieces.
You spent 4967 gold pieces at shops.

Inventory:

Hand Weapons
 a - the +10 mace "Suniw" (weapon) {speed, Fly Str+2 Int+6}
   (You found it on level 3 of the Elven Halls)

   Attacks with this weapon are significantly faster.
   Str:       It affects your strength (+2).
   Int:       It affects your intelligence (+6).
   Fly:       It grants you flight.
 b - a +9 morningstar of flaming
Armour
 q - the +18 shield of the Gong (worn) {rElec rN+ Will+ EV-5}
   (You bought it in a shop on level 6 of the Dungeon)

   It is deafeningly noisy when blocking attacks.
   EV:        It affects your evasion (-5).
   rElec:     It insulates you from electricity.
   rN:        It protects you from negative energy.
   Will:      It increases your willpower.
 s - a +2 helmet of intelligence (worn)
 O - a scarf of repulsion (worn)
 T - the +8 chain mail "Iniusm" (worn) {Drain rCorr Dex+4 SInv}
   (You found it on level 3 of the Lair of Beasts)

   Dex:       It affects your dexterity (+4).
   SInv:      It lets you see invisible.
   rCorr:     It protects you from acid and corrosion.
   Drain:     It drains your maximum health when unequipped.
 U - the +2 pair of gloves "Umygh" {Rampage rPois rF-}
   (You found it on level 3 of the Elven Halls)

   rF:        It makes you vulnerable to fire.
   rPois:     It protects you from poison.
   Rampage:   It bestows one free step when moving towards enemies.
 W - a +2 pair of gloves (worn)
 X - a +2 pair of boots of stealth (worn)
Magical Staves
 i - a staff of fire
 p - a staff of poison
Jewellery
 c - the ring of the Little Devil (left hand) {rF- rC+++ rN+++ rCorr Dex-2}
   (You took it off a deep elf death mage on level 3 of the Elven Halls)

   [ring of resist corrosion]

   Dex:       It affects your dexterity (-2).
   rF:        It makes you vulnerable to fire.
   rC:        It renders you almost immune to cold.
   rN:        It renders you almost immune to negative energy.
   rCorr:     It protects you from acid and corrosion.
 e - a ring of protection from fire
 k - a ring of willpower
 t - a +6 ring of intelligence
 B - a ring of wizardry (right hand)
 D - a ring of fire
 I - an amulet of magic regeneration (around neck)
Wands
 n - a wand of charming (22)
 Z - a wand of acid (13) (quivered)
Scrolls
 d - a scroll of amnesia
 g - 20 scrolls of teleportation
 h - 7 scrolls of magic mapping
 j - 3 scrolls of summoning
 w - 11 scrolls of butterflies
 x - 4 scrolls of blinking
 A - 5 scrolls of fear
 C - a scroll of enchant armour
 G - 10 scrolls of vulnerability
 S - 2 scrolls of silence
Potions
 l - 10 potions of curing
 m - 7 potions of might
 y - 6 potions of attraction
 z - 10 potions of brilliance
 E - 4 potions of magic
 F - 3 potions of cancellation
 H - 6 potions of ambrosia
 J - 6 potions of resistance
 K - 3 potions of heal wounds
 L - 7 potions of haste
 M - a potion of invisibility
 N - 5 potions of mutation
Miscellaneous
 R - a phantom mirror
 Y - a phial of floods


   Skills:
 - Level 13.0 Fighting
 - Level 1.0 Long Blades
 - Level 11.0 Maces & Flails
 - Level 11.0 Armour
 - Level 4.0 Dodging
 - Level 5.0 Stealth
 - Level 13.0 Shields
 + Level 11.2 Spellcasting
 - Level 15.0 Conjurations
 - Level 7.0 Hexes
 - Level 7.0 Summonings
 - Level 4.0 Necromancy
 - Level 9.0 Ice Magic
 + Level 16.0 Air Magic
 - Level 12.1 Earth Magic
 - Level 4.0 Poison Magic
 - Level 4.0 Evocations


You had 2 spell levels left.
You knew the following spells:

 Your Spells              Type           Power      Damage    Failure   Level
a - Summon Mana Viper     Hex/Summ       67%        N/A       9%          5
b - Conjure Ball Lightni  Conj/Air       48%        3x3d17    1%          6
c - Passwall              Tmut/Erth      51%        N/A       1%          2
f - Mephitic Cloud        Conj/Pois/Air  85%        N/A       1%          3
g - Freezing Cloud        Conj/Ice/Air   45%        6-21      1%          5
i - Sublimation of Blood  Necr           52%        N/A       1%          2
j - Iron Shot             Conj/Erth      45%        9d9       3%          6
k - Lightning Bolt        Conj/Air       48%        1d69      1%          5
o - Orb of Destruction    Conj           47%        9d12      9%          7

Your spell library contained the following spells:

 Spells                   Type           Power      Damage    Failure   Level
 Shock                    Conj/Air       100%       1d9       0%          1
 Foxfire                  Conj/Fire      100%       2x1d9     1%          1
 Necrotise                Necr           100%       1d9       1%          1
 Sandblast                Erth           100%       2d20      1%          1
 Summon Small Mammal      Summ           100%       N/A       1%          1
 Searing Ray              Conj           100%       2d8       1%          2
 Static Discharge         Conj/Air       97%        3-16/arc  1%          2
 Apportation              Tloc           42%        N/A       5%          1
 Wereblood                Tmut           21%        N/A       8%          2
 Call Canine Familiar     Summ           67%        N/A       1%          3
 Conjure Flame            Conj/Fire      69%        6-21      1%          3
 Frozen Ramparts          Ice            100%       1d16      1%          3
 Ozocubu's Armour         Ice            75%        N/A       1%          3
 Stone Arrow              Conj/Erth      100%       3d13      1%          3
 Summon Guardian Golem    Hex/Summ       67%        N/A       1%          3
 Swiftness                Air            98%        N/A       1%          3
 Airstrike                Air            49%        2d(7-23)  1%          4
 Animate Armour           Summ/Erth      100%       N/A       1%          4
 Corpse Rot               Necr/Pois/Air  71%        N/A       1%          4
 Leda's Liquefaction      Hex/Erth       38%        N/A       1%          4
 Summon Ice Beast         Ice/Summ       71%        N/A       1%          4
 Summon Lightning Spire   Summ/Air       84%        N/A       1%          4
 Silence                  Hex/Air        42%        N/A       1%          5
 Cause Fear               Hex            33%        N/A       2%          4
 Flame Wave               Conj/Fire      69%        2d16      2%          4
 Sticky Flame             Conj/Fire      69%        2d8       2%          4
 Inner Flame              Hex/Fire       49%        N/A       3%          3
 Portal Projectile        Hex/Tloc       98%        N/A       3%          3
 Metabolic Englaciation   Hex/Ice        35%        N/A       5%          5
 Ignite Poison            Fire/Tmut/Pois 32%        N/A       9%          3
 Ice Form                 Ice/Tmut       54%        N/A       9%          4
 Dispel Undead            Necr           52%        3d19      10%         4
 Summon Forest            Summ/Tloc      24%        N/A       32%         5
 Summon Cactus Giant      Summ           33%        N/A       38%         6
 Spellforged Servitor     Conj/Summ      41%        N/A       41%         7
 Maxwell's Capacitive Co  Air            49%        ∞         41%         8
 Passage of Golubria      Tloc           21%        N/A       43%         4
 Simulacrum               Ice/Necr       32%        N/A       45%         6
 Alistair's Intoxication  Tmut/Pois      24%        N/A       50%         5
 Lehudib's Crystal Spear  Conj/Erth      45%        10d11     75%         8
 Death Channel            Necr           26%        N/A       80%         6
 Storm Form               Tmut/Air       35%        N/A       82%         7
 Monstrous Menagerie      Summ           33%        N/A       91%         7
 Summon Hydra             Summ           33%        N/A       91%         7
 Dragon Form              Tmut           10%        N/A       100%        7
 Malign Gateway           Summ/Tloc      24%        N/A       100%        7
 Discord                  Hex            33%        N/A       100%        8
 Dragon's Call            Summ           33%        N/A       100%        9
 Polar Vortex             Ice            37%        N/A       100%        9


Dungeon Overview and Level Annotations

Branches:
Dungeon (15/15)            Temple (1/1) D:7            Lair (5/5) D:11
  Swamp (4/4) Lair:3        Snake (4/4) Lair:3        Slime (0/5) Lair:5
    Orc (2/2) D:10            Elf (3/3) Orc:2        Vaults (4/5) D:14
  Crypt (1/3) Vaults:3     Depths (0/4) D:15        Ossuary (visited)
 Bailey (visited)         Gauntlet (visited)

Shops:
D:3 :   D:6 [   D:8 *   Orc:2 (*(*[   Elf:1 =*[=   Vaults:1 [!?(   Vaults:4 *

Annotations:
D:2 1 runed translucent door, Crazy Yiuf
Temple 2 transporters
Vaults:1 secret downstairs


Innate Abilities, Weirdness & Mutations

You have an increased reservoir of magic. (+10% MP)
You shall have no god before yourself.
Your divine heritage dramatically boosts your attributes as you level up.


Message History

Casting: Iron Shot (mildly dangerous; 3% risk of failure)
Confirm with . or Enter, or press ? or * to list all spells.
Aiming: Iron Shot (mildly dangerous; 3% risk of failure)
Press: ? - help, Shift-Dir - straight line, f - doom hound
Aim: a doom hound (heavily wounded, 69% to hit)
The iron shot hits the doom hound!!!
The doom hound is almost dead.
You feel extremely sick. The doom hound bites you!!
You block the doom hound's attack.
GONNNNG!
The reaper hits you with a +6 vorpal scythe.
The doom hound bites you! You block the doom hound's attack.
PANG!
Casting: Iron Shot (mildly dangerous; 3% risk of failure)
Confirm with . or Enter, or press ? or * to list all spells.
Aiming: Iron Shot (mildly dangerous; 3% risk of failure)
Press: ? - help, Shift-Dir - straight line, f/p - doom hound
Aim: a doom hound (almost dead, 69% to hit)
The iron shot misses the doom hound.
You feel extremely sick.
The doom hound bites you but does no damage.
The doom hound claws you!
* * * LOW HITPOINT WARNING * * *
You block the reaper's attack.
SHROANNG!
You block the doom hound's attack.
GONNNNG!
You block the doom hound's attack.
GONNNNG!
The reaper hits you with a +6 vorpal scythe!!
* * * LOW HITPOINT WARNING * * *
x2 A reaper comes into view. It is wielding a +2 scythe of venom.
You feel much better.
You feel very sick. The doom hound bites you.
* * * LOW HITPOINT WARNING * * *
You block the doom hound's attack.
BONNNG!
The reaper hits you from afar with a +2 scythe of venom!!
You die...

#......#...##.#...
####......#..........
#..#......#.........#
#..'......#........#
#..#......#.........#
#..###'####..........
#.....>..).†.........
#....2......)........
#.>.@h.############..
#...§..# . ######...2..#
#.. ............# #.V
............# #..
............# #..
............############..
###########...............
#...............


You could see a doom hound and 2 reapers.

Vanquished Creatures
  Sojobo (Vaults:3)
  Vashnia (Snake:2)
  Nikola (Elf:2)
  A doom hound (Crypt:1)
  Zenata (Elf:2)
  Jorgrun (Swamp:2)
  Grunn (Crypt:1)
  Mlioglotl (Swamp:2)
  Rupert (Lair:5)
  A tentacled monstrosity (Swamp:1)
  A deep elf blademaster (Elf:3)
  The ghost of kmckee the Severer, an adept MiFi of Cheibriados (Snake:4)
  2 deep elf master archers (Elf:3)
  2 ancient champions (Crypt:1)
  4 sphinxes
  Frances (D:13)
  3 tengu reavers (Vaults:3)
  A storm dragon (Vaults:4)
  6 nagarajas
  Donald (Orc:2)
  5 deep elf sorcerers (Elf:3)
  9 vault wardens
  An orc warlord (Vaults:2)
  4 deep elf elementalists (Elf:3)
  4 ghouls (Crypt:1)
  13 very ugly things
  17 ironbound preservers
  8 ironbound thunderhulks
  2 stone giants
  A war gargoyle (Vaults:2)
  An eleionoma (Swamp:2)
  2 vampire knights (Vaults:3)
  2 entropy weavers
  8 deep elf demonologists
  8 dire elephants
  4 bunyips
  A putrid mouth (Crypt:1)
  6 deep elf annihilators
  A minotaur (Gauntlet)
  9 deep elf death magi
  2 eidola (Crypt:1)
  A crystal guardian (Vaults:4)
  An ettin (Vaults:3)
  A spriggan zombie (Crypt:1)
  4 great orbs of eyes
  3 deep elf high priests
  A shambling mangrove (Swamp:3)
  4 jiangshi (Crypt:1)
  8 yaktaur captains
  The ghost of Midpoint the Orderly, a journeyman DsGl of Makhleb (Lair:1)
  8 boulder beetles
  A ghost crab (Swamp:2)
  21 hydras
  3 salamander tyrants
  A spriggan air mage (Swamp:1)
  An ogre mage (D:11)
  2 catoblepae
  7 ironbound frosthearts
  3 peacekeepers
  8 two-headed ogres
  6 anacondas
  11 naga warriors
  18 centaur warriors
  24 dancing weapons
  9 alligators
  4 death knights
  5 vampire magi
  10 death yaks
  12 naga sharpshooters
  2 spriggan berserkers (Swamp:1)
  6 tengu warriors
  Nergalle (Lair:2)
  5 orc high priests (Orc:2)
  7 shock serpents
  17 deep elf knights
  6 hell knights
  2 sun demons (D:13)
  7 salamander mystics
  12 skeletal warriors
  A fire crab (Lair:4)
  3 goliath frogs
  Lodul (D:13)
  47 deep trolls
  A glowing orange brain (Vaults:4)
  3 sea snakes (Snake:1)
  4 spriggan druids
  A death drake (Gauntlet)
  A flayed ghost (Crypt:1)
  2 death drakes (shapeshifter)
  10 swamp dragons
  3 lindwurms
  6 wizards
  6 naga ritualists
  23 ironbound convokers
  A bunyip skeleton (Crypt:1)
  3 phantasmal warriors
  An orange crystal statue (Elf:3)
  4 harpies (Vaults:2)
  3 bog bodies
  7 deep elf archers
  7 necromancers
  11 orc knights
  33 deep elf zephyrmancers
  A harpy (shapeshifter) (D:14)
  31 deep elf pyromancers
  An oklob plant (Lair:5)
  10 mana vipers
  23 cyclopes
  38 ugly things
  4 will-o-the-wisps
  14 salamanders
  2 manticores
  An orc sorcerer (Elf:2)
  31 black mambas
  Maurice (D:8)
  7 guardian serpents
  2 smoke demons (D:13)
  A centaur zombie (Crypt:1)
  8 elephants
  13 vault sentinels
  A torpor snail (Lair:4)
  2 human skeletons (Vaults:1)
  20 naga magi
  4 molten gargoyles (D:13)
  11 cane toads
  2 gargoyles
  Maggie (Lair:1)
  33 yaktaurs
  A komodo dragon (shapeshifter) (D:14)
  A death yak zombie (Crypt:1)
  A kobold demonologist (D:12)
  2 rime drakes
  14 komodo dragons
  An unseen horror zombie (D:8)
  2 tengu conjurers
  A purple draconian skeleton (Crypt:1)
  6 freezing wraiths
  2 efreet
  3 human zombies
  A white draconian skeleton (Crypt:1)
  8 trolls
  A merfolk (shapeshifter) (Elf:2)
  3 polar bears (Lair:5)
  A harpy zombie (Crypt:1)
  2 bloated husks
  6 meliai
  5 tyrant leeches
  18 hornets
  27 slime creatures
  6 dream sheep
  19 blink frogs
  An iron dragon simulacrum (Vaults:4)
  A dream sheep (shapeshifter) (D:15)
  An air elemental (Elf:2)
  An ettin zombie (Crypt:1)
  Sigmund (D:3)
  3 vampires
  27 spriggans
  A shadow (D:9)
  3 water elementals
  5 wraiths
  A wyvern (Lair:3)
  17 yaks
  2 basilisks
  3 fire elementals
  15 vampire mosquitoes
  3 redbacks
  2 steam dragons
  13 swamp worms
  A warg (Orc:2)
  Menkaure (D:4)
  An acid dragon (D:13)
  45 nagas
  A faun skeleton (Crypt:1)
  A floating eye (D:11)
  17 water moccasins
  A dream sheep zombie (Crypt:1)
  34 orc warriors
  A sky beast (D:5)
  10 swamp drakes
  A black bear (Lair:4)
  An ettin simulacrum (Vaults:1)
  19 ogres
  4 boggarts (Lair:5)
  27 wolves
  9 centaurs
  An orc skeleton (Vaults:1)
  3 phantoms
  10 bullfrogs
  4 kobold brigands
  A komodo dragon zombie (Crypt:1)
  6 earth elementals
  2 gnoll sergeants
  3 scorpions
  3 necrophages (Crypt:1)
  2 wights
  A wyvern skeleton (Crypt:1)
  6 killer bees
  6 electric eels
  3 howler monkeys
  6 vampire bats (Bailey)
  A lava snake (D:13)
  5 hounds
  A jelly (D:5)
  A black bear zombie (Crypt:1)
  36 orc priests
  An iron imp (D:5)
  A gnoll bouda (D:9)
  Natasha (thrice) (D:3)
  3 iguanas
  7 orc wizards
  A mummy (Ossuary)
  15 gnolls
  12 adders
  7 white imps
  A nameless horror (Lair:1)
  2 ufetubi (D:5)
  2 worms
  4 dart slugs
  76 orcs
  5 ball pythons
  5 bats
  6 endoplasms
  2 giant cockroaches
  A gnoll zombie (Ossuary)
  11 goblins
  4 hobgoblins
  27 kobolds
  6 quokkas
  2 frilled lizards
  A kobold zombie (Ossuary)
  6 orc zombies (Bailey)
  3 rats
1547 creatures vanquished.

Vanquished Creatures (collateral kills)
  the Lernaean hydra (Swamp:4)
  A hydra (Lair:5)
  A two-headed ogre (D:14)
  2 death yaks (Lair:3)
  2 swamp dragons (Swamp:4)
  A salamander mystic (Snake:2)
  A naga ritualist (Snake:2)
  A bog body (Swamp:1)
  A salamander (Snake:4)
  A will-o-the-wisp (Swamp:4)
  A cyclops (Orc:1)
  A spectral centaur (Gauntlet)
  3 naga magi
  An elephant (Lair:5)
  3 black mambas
  2 cane toads
  A torpor snail (Lair:4)
  A komodo dragon (Lair:3)
  A polar bear (Lair:5)
  A spectral harpy (Gauntlet)
  A troll (Orc:2)
  3 slime creatures (D:13)
  A hornet (Gauntlet)
  2 blink frogs (Lair:1)
  2 dream sheep (Lair:1)
  2 spriggans
  12 yaks
  A basilisk (Lair:4)
  2 nagas (Snake:2)
  A warg (Orc:1)
  An acid dragon (Lair:5)
  2 water moccasins
  An orc warrior (Orc:1)
  7 wolves
  3 bullfrogs
  2 wights (D:8)
  2 vampire bats (Bailey)
  3 wolf zombies (Bailey)
  3 hounds
  A gnoll bouda (D:7)
  An orc priest (Orc:2)
  6 mummies (Ossuary)
  A gnoll (D:7)
  4 orcs
  A quokka (D:5)
  2 gnoll zombies (Ossuary)
  A hobgoblin zombie (Ossuary)
  A kobold (D:6)
  2 kobold zombies (Ossuary)
  10 orc zombies
  20 ball lightnings
128 creatures vanquished.

Vanquished Creatures (others)
  A deep elf blademaster (Elf:3)
  A hydra (D:14)
  A naga warrior (Snake:1)
  2 dancing weapons (Elf:2)
  A spriggan berserker (Swamp:4)
  A deep elf knight (Elf:2)
  A deep elf zephyrmancer (Elf:2)
  A black mamba (Lair:3)
  A cane toad (Lair:5)
  An unseen horror (D:13)
  A komodo dragon (Lair:4)
  A rime drake (Lair:3)
  A hornet (Swamp:4)
  A bloated husk (Swamp:1)
  A blink frog (Lair:3)
  A spriggan (Swamp:4)
  A steam dragon (D:6)
  3 nagas (Snake:2)
  A hornet zombie (D:8)
  2 wolves
  5 necrophages (D:8)
  2 scorpions (D:6)
  4 wights
  6 wolf zombies (Bailey)
  An orc priest (D:9)
  An orc wizard (D:9)
  A mummy (Ossuary)
  A gnoll (D:7)
  2 orcs (D:9)
  2 kobolds
  2 orc zombies (Bailey)
  382 ball lightnings
  2 bushes (D:8)
  8 foxfires
  34 fungi
  156 plants
633 creatures vanquished.

Grand Total: 2308 creatures vanquished

Notes
Turn   | Place    | Note
-------+----------+-------------------------------------------
     0 | D:1      | wingedge the Demigod Wanderer began the quest for the Orb.
     0 | D:1      | wingedge set off with the following items: a +0 club, a
                  | wand of flame (5), a potion of curing, a +2 leather armour;
                  | and the following spell memorised: Sandblast; and the
                  | following spells available to memorise: Stone Arrow.
     0 | D:1      | Reached XP level 1. HP: 16/16 MP: 5/5
   227 | D:1      | Reached XP level 2. HP: 23/23 MP: 2/7
   629 | D:1      | Reached skill level 1 in Conjurations
   899 | D:2      | Reached XP level 3. HP: 28/28 MP: 4/8
  1583 | D:2      | Found a runed translucent door.
  1584 | D:2      | Noticed Crazy Yiuf
  1610 | D:3      | Noticed Sigmund
  1614 | D:3      | Killed Sigmund
  1615 | D:3      | Reached XP level 4. HP: 29/35 MP: 4/9
  1615 | D:3      | Reached XP level 5. HP: 33/40 MP: 4/10
  1687 | D:3      | Noticed Natasha
  1727 | D:2      | Learned a level 3 spell: Stone Arrow
  2260 | D:3      | Killed Natasha
  2352 | D:3      | Found Zydomokh's Book Boutique.
  2372 | D:3      | Learned a level 1 spell: Summon Small Mammal
  2420 | D:3      | Noticed Natasha
  2425 | D:3      | Killed Natasha
  2426 | D:3      | Reached XP level 6. HP: 41/47 MP: 5/12
  2525 | D:3      | Noticed Natasha
  2529 | D:3      | Killed Natasha
  2972 | D:3      | Reached skill level 1 in Summonings
  3305 | D:4      | Learned a level 3 spell: Call Canine Familiar
  3964 | D:4      | Reached skill level 1 in Long Blades
  3964 | D:4      | Reached skill level 1 in Armour
  3978 | D:4      | Noticed Menkaure
  4292 | D:4      | Killed Menkaure
  4293 | D:4      | Reached XP level 7. HP: 40/55 MP: 4/15
  4600 | D:5      | Entered Level 5 of the Dungeon
  4778 | D:5      | You fall into a shaft and drop 1 floor!
  4832 | D:6      | Noticed a yak
  5932 | D:5      | Reached XP level 8. HP: 63/63 MP: 10/17
  6039 | D:6      | Noticed a komodo dragon
  6048 | D:6      | Killed a komodo dragon
  6049 | D:6      | Reached skill level 5 in Earth Magic
  6447 | D:6      | Learned a level 3 spell: Summon Guardian Golem
  6478 | D:6      | Reached skill level 1 in Hexes
  6484 | D:6      | Reached skill level 5 in Conjurations
  7329 | D:6      | Found Akad's Armour Shoppe.
  7372 | D:6      | Noticed a boulder beetle
  7382 | D:6      | Killed a boulder beetle
  7383 | D:6      | Reached skill level 5 in Fighting
  7383 | D:6      | Reached skill level 2 in Air Magic
  7383 | D:6      | Reached XP level 9. HP: 15/74 MP: 2/19
  8235 | D:7      | Reached skill level 1 in Ice Magic
  8485 | D:3      | Bought a Trismegistus Codex for 364 gold pieces
  8489 | D:3      | Learned a level 3 spell: Mephitic Cloud
  8664 | D:7      | Reached skill level 5 in Spellcasting
  9093 | D:7      | Found a staircase to the Ecumenical Temple.
  9134 | Temple   | Entered the Ecumenical Temple
  9134 | Temple   | Found a transporter.
  9134 | Temple   | Found a transporter.
  9490 | D:8      | Noticed Maurice
  9619 | D:8      | Killed Maurice
  9759 | D:8      | Found a sand-covered staircase.
  9764 | Ossuary  | Entered an ossuary
 10878 | D:8      | Reached skill level 3 in Air Magic
 10878 | D:8      | Reached XP level 10. HP: 83/83 MP: 14/21
 10884 | D:8      | Learned a level 5 spell: Freezing Cloud
 10987 | D:8      | Found Atiale's General Store.
 11570 | D:8      | Reached skill level 1 in Stealth
 12053 | D:9      | Noticed a two-headed ogre
 12058 | D:9      | Killed a two-headed ogre
 12260 | D:9      | Reached skill level 5 in Armour
 12260 | D:9      | Reached skill level 4 in Air Magic
 12649 | D:9      | Identified a scroll of acquirement
 12650 | D:9      | Acquired 1371 gold pieces
 12754 | D:6      | Bought the +18 shield of the Gong {rElec rN+ Will+ EV-5}
                  | for 1362 gold pieces
 12754 | D:6      | Found the +18 shield of the Gong {rElec rN+ Will+ EV-5}
 12754 | D:6      | Bought a +2 pair of boots of stealth for 301 gold pieces
 13129 | D:6      | Bought a scarf of repulsion for 168 gold pieces
 13799 | D:10     | Entered Level 10 of the Dungeon
 13997 | D:10     | Reached skill level 1 in Shields
 14120 | D:10     | Found a flagged portal.
 14129 | Bailey   | Entered a bailey
 14494 | Bailey   | Reached XP level 11. HP: 90/90 MP: 22/24
 14758 | Bailey   | Identified the +1 scale mail of Egozet {Harm rN+ Dex-5}
 15005 | D:10     | Found a staircase to the Orcish Mines.
 16413 | D:11     | Noticed a two-headed ogre
 16432 | D:11     | Killed a two-headed ogre
 16433 | D:11     | Reached skill level 5 in Summonings
 16617 | D:11     | Found a staircase to the Lair.
 16728 | D:11     | Noticed an ogre mage
 16738 | D:11     | Killed an ogre mage
 17326 | D:11     | Noticed a four-headed hydra
 17333 | D:11     | Killed a four-headed hydra
 17958 | Lair:1   | Entered Level 1 of the Lair of Beasts
 17960 | Lair:1   | Noticed Maggie
 17967 | Lair:1   | Killed Maggie
 18086 | Lair:1   | Noticed a five-headed hydra
 18094 | Lair:1   | Killed a five-headed hydra
 18153 | Lair:1   | Reached skill level 5 in Air Magic
 18193 | Lair:1   | Reached XP level 12. HP: 17/97 MP: 4/27
 18643 | Lair:1   | Found a transporter.
 18653 | Lair:1   | Learned a level 4 spell: Summon Ice Beast
 18655 | Lair:1   | Found a transporter.
 18816 | Lair:1   | Noticed Midpoint's ghost (journeyman DsGl)
 19153 | Lair:2   | Noticed Nergalle
 19161 | Lair:2   | Killed Nergalle
 19289 | Lair:2   | Noticed a four-headed hydra
 19509 | Lair:2   | Killed a four-headed hydra
 19561 | Lair:2   | Reached skill level 5 in Shields
 19593 | Lair:2   | Noticed an eight-headed hydra
 19684 | Lair:2   | Killed an eight-headed hydra
 20821 | Lair:3   | Identified the +1 ring mail of Rairiam {Harm Rampage
                  | *Corrode Str+2}
 20918 | Lair:3   | Identified the +8 chain mail "Iniusm" {Drain rCorr Dex+4
                  | SInv}
 20928 | Lair:3   | Reached skill level 6 in Air Magic
 20930 | Lair:3   | Noticed a five-headed hydra
 20937 | Lair:3   | Reached skill level 5 in Ice Magic
 20938 | Lair:3   | Killed a six-headed hydra
 21217 | Lair:3   | Found a staircase to the Snake Pit.
 21931 | Lair:3   | Found a staircase to the Swamp.
 22267 | Lair:4   | Noticed a catoblepas
 22275 | Lair:4   | Killed a catoblepas
 23097 | Lair:4   | Reached XP level 13. HP: 88/104 MP: 14/29
 25132 | Lair:4   | Identified the +0 leather armour of Resourcefulness {Str+7
                  | Dex+3}
 25752 | Lair:5   | Entered Level 5 of the Lair of Beasts
 26051 | Lair:5   | Reached skill level 10 in Conjurations
 27044 | Lair:5   | Reached XP level 14. HP: 115/115 MP: 17/31
 27465 | Lair:5   | Noticed Rupert
 27873 | Lair:5   | Killed Rupert
 28245 | Lair:5   | Learned a level 2 spell: Sublimation of Blood
 28743 | Lair:5   | Identified the +6 shortbow "Xuehiwam" {freeze, rF+ rCorr
                  | SInv Stlth+}
 28815 | Lair:5   | Reached skill level 1 in Necromancy
 28910 | Lair:5   | Found a staircase to the Slime Pits.
 29494 | Orc:1    | Entered Level 1 of the Orcish Mines
 29611 | Orc:1    | Identified the +4 scimitar of True Grit {drain, +Blink
                  | rPois rN+++ Int-3}
 29611 | Orc:1    | Identified the +0 chain mail "Dirchifem" {+Blink rElec
                  | Will+}
 30557 | Orc:1    | Identified the +12 arbalest "Doisieje" {elec, rN++ MP-9
                  | SInv Stlth+}
 30559 | Orc:1    | Identified the +7 whip of Dismemberment {drain, Dex+4}
 30566 | Orc:1    | Identified the +5 war axe "Meweew" {flame, Dex+3}
 30584 | Orc:1    | Found the +4 skin of Zhor {*Englaciate rC+++ SInv}
 30946 | Orc:2    | Entered Level 2 of the Orcish Mines
 30946 | Orc:2    | Found Emymel's Antique Armour Emporium.
 30954 | Orc:2    | Noticed Donald
 30963 | Orc:2    | Killed Donald
 31032 | Orc:2    | Found a gate leading to a gauntlet.
 31037 | Orc:2    | Reached skill level 1 in Maces & Flails
 31100 | Gauntlet | Entered a Gauntlet
 31100 | Gauntlet | Found a transporter.
 31340 | Gauntlet | Found a transporter.
 31341 | Gauntlet | Found a transporter.
 31356 | Gauntlet | Found a transporter.
 31358 | Gauntlet | Found a transporter.
 31367 | Gauntlet | Found a transporter.
 31383 | Gauntlet | Found a transporter.
 31393 | Gauntlet | Found a transporter.
 31403 | Gauntlet | Found a transporter.
 31403 | Gauntlet | Found a transporter.
 31414 | Gauntlet | Found a transporter.
 31444 | Gauntlet | Found a transporter.
 31450 | Gauntlet | Found a transporter.
 31451 | Gauntlet | Found a transporter.
 31556 | Gauntlet | Paralysed by a hornet for 2 turns
 31777 | Gauntlet | Identified the +0 pair of boots of Red Mirth {Harm Will+
                  | Int-5}
 32525 | Orc:2    | Found a staircase to the Elven Halls.
 34327 | Orc:2    | Found Eganiet's General Store.
 34330 | Orc:2    | Found Paima's Weapon Emporium.
 34331 | Orc:2    | Found Sunixti's Weapon Emporium.
 34332 | Orc:2    | Found Heugobb's General Store.
 34343 | Orc:2    | Bought 3 scrolls of magic mapping for 225 gold pieces
 34343 | Orc:2    | Bought a scroll of identify for 20 gold pieces
 34343 | Orc:2    | Bought a scroll of identify for 20 gold pieces
 34898 | D:12     | Reached XP level 15. HP: 119/121 MP: 22/33
 35094 | D:12     | Reached skill level 10 in Spellcasting
 35648 | D:13     | Reached skill level 5 in Stealth
 35993 | D:13     | Noticed Frances
 36008 | D:13     | Killed Frances
 37384 | D:13     | Noticed Lodul
 37390 | D:13     | Killed Lodul
 37426 | D:13     | Reached skill level 10 in Shields
 37715 | D:13     | Reached skill level 7 in Air Magic
 38264 | D:13     | Reached skill level 10 in Armour
 39067 | D:14     | Reached skill level 8 in Air Magic
 41027 | D:14     | Reached skill level 9 in Air Magic
 41067 | D:14     | Identified the +8 shortbow of Offence {vorpal, rPois Will+
                  | Str-2 Int+3}
 41959 | D:14     | Found a gate to the Vaults.
 42356 | D:15     | Entered Level 15 of the Dungeon
 43056 | D:15     | Found a staircase to the Depths.
 43120 | D:15     | Reached XP level 16. HP: 128/128 MP: 20/35
 43134 | D:15     | Reached skill level 5 in Maces & Flails
 44286 | Snake:1  | Entered Level 1 of the Snake Pit
 45246 | Snake:1  | You fall into a shaft and drop 1 floor!
 45803 | Snake:1  | Identified the +2 hand axe "Fearatzo" {spect, +Blink rC++
                  | rN+ Str-2}
 48582 | D:3      | Bought the Treatise on Terra Firma and Fire for 520 gold
                  | pieces
 48589 | D:3      | Learned a level 6 spell: Iron Shot
 48926 | Snake:3  | Noticed Vashnia
 49835 | Snake:2  | Killed Vashnia
 50648 | Snake:3  | Reached XP level 17. HP: 89/134 MP: 3/36
 51179 | Snake:4  | Entered Level 4 of the Snake Pit
 52570 | Snake:4  | HP: 4/136 [constriction (4)]
 53231 | Swamp:1  | Entered Level 1 of the Swamp
 53565 | Swamp:1  | Noticed a tentacled monstrosity
 53584 | Swamp:1  | Killed a tentacled monstrosity
 53789 | Swamp:1  | Reached skill level 10 in Earth Magic
 54279 | Swamp:1  | Learned a level 5 spell: Lightning Bolt
 54700 | Swamp:2  | Noticed Mlioglotl
 54708 | Swamp:2  | Killed Mlioglotl
 55109 | Swamp:2  | Noticed Jorgrun
 55123 | Swamp:2  | Killed Jorgrun
 57769 | Swamp:4  | Entered Level 4 of the Swamp
 59243 | Swamp:4  | Noticed the 27-headed Lernaean hydra
 59247 | Swamp:4  | Killed the 27-headed Lernaean hydra
 59253 | Swamp:4  | Reached XP level 18. HP: 133/145 MP: 25/37
 59704 | Swamp:4  | Got a decaying rune of Zot
 60073 | D:8      | Bought a scroll of fear for 60 gold pieces
 60073 | D:8      | Bought a potion of curing for 45 gold pieces
 60073 | D:8      | Bought a scroll of fear for 60 gold pieces
 60176 | D:3      | Bought Jusytan's Tome of Combat Magic for 624 gold pieces
 60186 | D:3      | Learned a level 6 spell: Conjure Ball Lightning
 60495 | Lair:1   | Killed Midpoint's ghost
 61725 | Snake:4  | Found a runed translucent gate.
 61726 | Snake:4  | Found a runed translucent gate.
 61727 | Snake:4  | Found a runed translucent gate.
 61728 | Snake:4  | Noticed kmckee's ghost (adept MiFi)
 62285 | Snake:4  | Got a serpentine rune of Zot
 62460 | Snake:4  | Killed kmckee's ghost
 62872 | Elf:1    | Entered Level 1 of the Elven Halls
 62892 | Elf:1    | Reached skill level 10 in Air Magic
 63971 | Elf:1    | Found Rulot's General Store.
 63974 | Elf:1    | Found Bits's Antique Armour Shop.
 63976 | Elf:1    | Found Pouss's Jewellery Boutique.
 63982 | Elf:1    | Bought a runed scarf for 280 gold pieces
 63985 | Elf:1    | Bought an amulet of magic regeneration for 540 gold pieces
 64019 | Elf:1    | You fall into a shaft and drop 1 floor!
 64253 | Elf:1    | Found Amab Neo's Jewellery Shop.
 64719 | Elf:2    | Acquired the Incunable of the Escort and Congelation
 64782 | Elf:2    | Reached skill level 11 in Air Magic
 64829 | Elf:2    | Found a runed translucent gate.
 64830 | Elf:2    | Found a runed translucent gate.
 64830 | Elf:2    | Found a runed translucent gate.
 65448 | Elf:2    | Got the Meditations on Assembling
 65837 | Elf:2    | Noticed Nikola
 65848 | Elf:2    | Killed Nikola
 65849 | Elf:2    | Reached skill level 10 in Maces & Flails
 66022 | Elf:2    | Noticed Zenata
 66029 | Elf:2    | Killed Zenata
 67193 | Elf:3    | Entered Level 3 of the Elven Halls
 67317 | Elf:3    | Identified the +10 mace "Suniw" {speed, Fly Str+2 Int+6}
 67338 | Elf:3    | Reached skill level 12 in Air Magic
 67559 | Elf:3    | Reached skill level 10 in Fighting
 67559 | Elf:3    | Reached XP level 19. HP: 154/154 MP: 38/38
 67781 | Elf:3    | Identified the ring of the Little Devil {rF- rC+++ rN+++
                  | rCorr Dex-2}
 67999 | Elf:3    | Reached XP level 20. HP: 162/162 MP: 22/39
 68354 | Elf:3    | Identified the +11 trident "Simel" {vorpal, rN+ Str+4 Dex+3
                  | Stlth-}
 68491 | Elf:3    | Identified the +6 quarterstaff "Hell-Harrower" {venom,
                  | rElec rPois Will+ Str-3}
 68495 | Elf:3    | Identified the +9 short sword of Fihex {vorpal, rElec
                  | Str+4}
 68549 | Elf:3    | Identified the +10 dagger of Ahenet {flame, rElec Int+6}
 68979 | Elf:3    | Identified the +4 trident "Meilih" {speed, Dex+4}
 69118 | Elf:3    | Identified the +2 pair of gloves "Umygh" {Rampage rPois
                  | rF-}
 69355 | Elf:3    | Identified the +4 chain mail of the End {Drain rF+ Dex+2
                  | Stlth+}
 69360 | Elf:3    | Identified the +1 barding of the Secret Knives {rCorr
                  | Str+2}
 69915 | Vaults:1 | Entered Level 1 of the Vaults
 70004 | Vaults:1 | Found Kebaun Docwe's Distillery.
 70180 | Vaults:1 | Learned a level 7 spell: Orb of Destruction
 71318 | Vaults:1 | Found Cusumac's Antique Armour Boutique.
 71326 | Vaults:1 | Bought a pair of runed boots for 157 gold pieces
 71510 | Vaults:1 | Found Kuwk's Antique Weapon Shop.
 71616 | Vaults:1 | Found Tumikot's Magic Scroll Emporium.
 71663 | Vaults:1 | Bought a scroll of amnesia for 56 gold pieces
 71672 | Vaults:1 | Learned a level 5 spell: Summon Mana Viper
 71693 | Vaults:1 | Reached skill level 13 in Air Magic
 73017 | Vaults:2 | Identified the +1 short sword "Uvvis" {elec, Int+4}
 73356 | Vaults:2 | Reached skill level 5 in Hexes
 73367 | Vaults:2 | Reached skill level 15 in Conjurations
 73462 | Vaults:2 | Reached XP level 21. HP: 118/173 MP: 16/40
 75126 | Vaults:1 | Learned a level 2 spell: Passwall
 76196 | Vaults:3 | Noticed Sojobo
 76204 | Vaults:3 | Killed Sojobo
 76569 | Vaults:3 | Found a staircase to the Crypt.
 77199 | Vaults:3 | You are sucked into a shaft and drop 1 floor!
 77406 | Vaults:4 | Reached skill level 14 in Air Magic
 80528 | Vaults:4 | Found Seamp's General Store.
 80536 | Vaults:4 | Bought a scroll of blinking for 165 gold pieces
 80886 | Crypt:1  | Entered Level 1 of the Crypt
 80956 | Crypt:1  | Reached skill level 15 in Air Magic
 81403 | Crypt:1  | Reached XP level 22. HP: 159/185 MP: 30/42
 82164 | Crypt:1  | Noticed Grunn
 82171 | Crypt:1  | Killed Grunn
 82183 | Crypt:1  | Reached skill level 16 in Air Magic
 82185 | Crypt:1  | Mangled by a reaper

Illustrated notes

Levels and vault maps discovered:
D:1:      reono_arrival_mine, layout_loops_cross, ebering_ecumenical_altar_rust,
          minmay_3d_cube
D:2:      layout_basic, uniq_crazy_yiuf_cottage
D:3:      cheibrodos_old_hovel, layout_basic, serial_shops,
          nicolae_shop_advertising_works [nicolae_subvault_shop_adworks],
          uniq_sigmund, uniq_natasha
D:4:      layout_basic, gammafunk_temple_overflow_elements, uniq_menkaure
D:5:      layout_rooms, slow_altar_2, kennysheep_crisscross, hex_medium,
          fountainhead, hex_intersection, minivault_24,
          hangedman_minor_gate_pass
D:6:      layout_loops_ring, general_overflow_altar,
          mainiacjoe_overflow_alcove_2, nzn_wu_jian_council_hall, serial_shops,
          shop, minmay_manual_mail
D:7:      layout_cave_pools, mainiacjoe_overflow_concentric_impassable,
          minmay_temple_entry_stoned_glass
D:8:      layout_layer_cave, mainiacjoe_overflow_alcove_4,
          nicolae_ru_path_of_blood, fedhas_altar_decomposition,
          nicolae_ossuary_entry_ruins, serial_shops, nicolae_lakefront_shop,
          uniq_maurice
D:9:      layout_roguey, marbit_many_paths, interstate_on_off,
          serial_park_tiny_pond, minmay_misc_feat_nine_boxes,
          kennysheep_opposing_triangles
D:10:     layout_layer_cave, orc_0_dummy, enter_bailey_2, grunt_decor_junction
D:11:     hellmonk_paralyzer, layout_stronghold, david_lair_shrubbed,
          elyvilon_altar_1
D:12:     layout_big_octagon, eino_jars
D:13:     minmay_firetagon, layout_loops_ring, minivault_8, uniq_frances,
          uniq_lodul
D:14:     minmay_imperfect_grid, layout_layer_cave, david_vaults_1, special_room
          [special_room_orc], due_unseen_surprise
D:15:     hangedman_depths_entry_civil_slaughter, layout_gridville,
          hangedman_abyss_or_decor_passed
Temple:   hellmonk_temple_divided_pantheon
Lair:1:   layout_long_grid, gammafunk_ghost_arena, infiniplex_staircase_pool_2,
          uniq_maggie
Lair:2:   layout_regular_city, uniq_nergalle
Lair:3:   layout_hall_layers, swamp_mist, guppyfry_snake_entry_garden,
          lemuel_fruit_fields, serial_bayou_shore_a, grunt_megastairs_2,
          lemuel_fruit_tree
Lair:4:   nzn_winding_woodlands_huge [nzn_winding_woodlands_5x15_jagged,
          nzn_winding_woodlands_5x15_crooked,
          nzn_winding_woodlands_5x15_default, nzn_winding_woodlands_5x15_pool,
          nzn_winding_woodlands_5x15_eye, nzn_winding_woodlands_5x15_zeroes,
          nzn_winding_woodlands_5x15_parted,
          nzn_winding_woodlands_5x15_concentric,
          nzn_winding_woodlands_5x15_river_crossing,
          nzn_winding_woodlands_5x15_lazy_stream,
          nzn_winding_woodlands_center_triple_pond,
          nzn_winding_woodlands_center_lodge,
          nzn_winding_woodlands_15x15_five_gardens], layout_regular_city
Lair:5:   minmay_lair_end_enchanted_forest, layout_regular_city, slime_entry_1,
          guppyfry_lair_drakes, uniq_rupert
Swamp:1:  nicolae_swamp_secret_spriggan_hideout, layout_basic_swamp,
          evilmike_swamp_ruin_rubble_1
Swamp:2:  layout_basic_swamp, evilmike_swamp_ruin_house_4, uniq_jorgrun,
          uniq_mlioglotl
Swamp:3:  layout_basic_swamp, nicolae_swamp_bean_lake
Swamp:4:  swamp_old_school, layout_basic_swamp
Snake:1:  layout_onion, nicolae_snake_snake_lake
Snake:2:  layout_rooms, nicolae_integral_box
Snake:3:  layout_onion_interference, grunt_ministairs_1, uniq_vashnia
Snake:4:  johnstein_snake_rune_scales, layout_grid_shapes,
          ebering_ghost_rock_garden
Orc:1:    giant_chief_lemuel, layout_diamond_mine
Orc:2:    st_orc_pillars, layout_caves, serial_shops, shop,
          gauntlet_entry_generic, uniq_donald
Elf:1:    eino_elf_arrival_customs, layout_geoelf_octagon, serial_shops, shop,
          minmay_elf_annihilation, minmay_shop_star
Elf:2:    nicolae_elf_blades_crystal_corner, layout_geoelf_octagon,
          serial_aquarium, aquarium_bridge_straight [aquarium_subvault_bridge,
          aquarium_subvault_wall, aquarium_subvault_bridge,
          aquarium_subvault_wall], aquarium_window_2, aquarium_window_1,
          aquarium_window_1, aquarium_view_2c, aquarium_balcony_3a,
          minmay_elf_demonology, uniq_nikola, uniq_zenata
Elf:3:    grunt_elf_hall_branching, layout_rooms, basic_altar, minivault_16
Vaults:1: v_misc_28, ontoclasm_vaults_ligature, nicolae_vaults_network_square,
          nicolae_vaults_network_s, nicolae_vaults_specimen_jars,
          ontoclasm_vaults_spin, hangedman_vaults_corner_blocks,
          nicolae_vaults_sealed_display, serial_ice_g, ontoclasm_vaults_idyll,
          grunt_vaults_hallway_short, ontoclasm_vaults_gateway,
          nicolae_vaults_little_squares_4, layout_vaults_ring, serial_shops,
          nicolae_shop_trees, shop, shop, shop
Vaults:2: v_rooms_5, vaults_room_hallway, vaults_room_hallway,
          vaults_dpeg_encased_lava, vaults_room_grid,
          nicolae_vaults_stairing_the_circle, v_rooms_5, v_misc_14, v_misc_17,
          v_misc_5, v_misc_18, nicolae_vaults_rhombus_5,
          nicolae_vaults_little_squares_2, vaults_dpeg_cross,
          layout_vaults_omnibox
Vaults:3: ontoclasm_vaults_eye, st_lines, nicolae_vaults_little_squares_2,
          v_alt_pattern_5, v_misc_13, nicolae_vaults_circle_grid_b,
          minmay_crypt_entry_simple_statues, vaults_dpeg_hooks,
          vaults_dpeg_emergency_exit, serial_ice_m, vaults_dpeg_ring,
          layout_vaults_quadrants, uniq_sojobo
Vaults:4: v_misc_28, hangedman_vaults_nails, nicolae_vaults_murderbox,
          ontoclasm_vaults_bender, nicolae_vaults_little_ls,
          ontoclasm_vaults_twist, ontoclasm_vaults_decontamination,
          vaults_room_grid, vaults_mumra_minichess_inversion,
          hangedman_vaults_snaps, v_pattern_3, nicolae_vaults_big_ls,
          ontoclasm_vaults_ring_square, layout_vaults_maze_bifur, serial_shops,
          nicolae_shop_stone, uniq_margery
Crypt:1:  layout_chaotic_city, lemuel_mausoleum_altar_yredelemnul,
          grunt_crypt_arrival_split, roderic_lattice_octagonal_star, uniq_grunn

Skill      XL: |  1  2  3  4  5  6  7  8  9 10 11 12 13 14 15 16 17 18 19 20 21 22 |
---------------+-------------------------------------------------------------------+-----
Earth Magic    | 3 4 5 8 11 12 | 12.1
Spellcasting   | 2 3 4 5 6 7 8 9 10 11 | 11.2
Dodging        | 3 4 |  4.0
Conjurations   | 1 3 4 5 6 7 9 10 12 13 15 | 15.0
Summonings     | 2 4 6 7 |  7.0
Long Blades    | 1 |  1.0
Armour         | 1 2 4 5 7 9 10 11 | 11.0
Fighting       | 2 3 5 6 8 9 10 11 13 | 13.0
Hexes          | 2 4 5 7 |  7.0
Air Magic      | 2 3 4 5 6 9 12 13 15 16 | 16.0
Poison Magic   | 2 4 |  4.0
Ice Magic      | 2 4 5 7 8 9 |  9.0
Stealth        | 2 4 5 |  5.0
Shields        | 1 4 6 7 9 10 11 13 | 13.0
Evocations     | 2 4 |  4.0
Necromancy     | 3 4 |  4.0
Maces & Flails | 3 4 6 8 10 11 | 11.0

Action                   |  1- 3 |  4- 6 |  7- 9 | 10-12 | 13-15 | 16-18 | 19-21 | 22-24 || total
-------------------------+-------+-------+-------+-------+-------+-------+-------+-------++-------
Melee: Short sword       |     8 |     4 |       |    42 |       |       |       |       ||    54
       Falchion          |       |    15 |    61 |   105 |     6 |       |       |       ||   187
       Dagger            |       |     3 |    19 |       |       |       |       |       ||    22
       Hand axe          |       |     2 |     5 |    31 |       |       |       |       ||    38
       Punch             |       |       |     2 |     1 |       |       |       |       ||     3
       Trident           |       |       |       |    72 |    12 |       |       |       ||    84
       Rapier            |       |       |       |    14 |       |       |       |       ||    14
       Staff             |       |       |       |     4 |    65 |    27 |       |       ||    96
       Whip              |       |       |       |       |    57 |    74 |       |       ||   131
       Morningstar       |       |       |       |       |    32 |   168 |    26 |     2 ||   228
       Mace              |       |       |       |       |       |       |   235 |    48 ||   283
Throw: Dart              |       |       |     5 |       |       |       |       |       ||     5
 Cast: Sandblast         |    56 |    23 |     4 |     1 |       |       |       |       ||    84
       Stone Arrow       |       |    47 |   103 |   227 |   131 |    34 |       |       ||   542
       Call Canine Famil |       |       |    23 |    20 |    15 |     5 |       |       ||    63
       Summon Small Mamm |       |       |    16 |     5 |     1 |     3 |       |       ||    25
       Summon Guardian G |       |       |    15 |    33 |    15 |    13 |       |       ||    76
       Mephitic Cloud    |       |       |    10 |    40 |    13 |       |     1 |       ||    64
       Freezing Cloud    |       |       |       |    13 |   326 |   248 |    50 |       ||   637
       Summon Ice Beast  |       |       |       |     6 |    24 |    18 |       |       ||    48
       Sublimation of Bl |       |       |       |       |    43 |    37 |    35 |     5 ||   120
       Iron Shot         |       |       |       |       |       |   177 |   190 |    34 ||   401
       Lightning Bolt    |       |       |       |       |       |    26 |    31 |       ||    57
       Conjure Ball Ligh |       |       |       |       |       |    58 |    89 |    10 ||   157
       Orb of Destructio |       |       |       |       |       |       |   145 |    11 ||   156
       Passwall          |       |       |       |       |       |       |     1 |       ||     1
Evoke: Wand              |       |       |     3 |     2 |     7 |    10 |       |       ||    22
       Phantom mirror    |       |       |       |       |       |     2 |       |       ||     2
  Use: Scroll            |     2 |     6 |     9 |    10 |    10 |    25 |     5 |       ||    67
       Potion            |       |       |     5 |     4 |     1 |    16 |     1 |     1 ||    28
 Stab: Distracted        |       |       |     1 |     3 |       |       |       |       ||     4
       Confused          |       |       |       |     6 |       |     1 |       |       ||     7
Armor: Leather armour    |     9 |    27 |    32 |       |       |       |       |       ||    68
       Steam dragon scal |       |       |    26 |     3 |       |       |       |       ||    29
       Troll leather arm |       |       |       |    51 |       |       |       |       ||    51
       Ring mail         |       |       |       |    68 |    71 |       |       |       ||   139
       Chain mail        |       |       |       |       |    70 |   275 |   110 |    21 ||   476
Dodge: Dodged            |    19 |    33 |   115 |    57 |    34 |    45 |    33 |     3 ||   339
       Repelled          |       |       |       |     1 |     1 |     9 |     2 |       ||    13
Block: Kite shield       |       |       |       |   543 |   662 |   911 |   534 |    67 ||  2717
